 Dungeon Crawl Stone Soup version 0.31.0-32-g396128a36d (webtiles) character file.

Game seed: 7536995204948620024

1489818 nel the Imperceptible (level 26, 208/242 HPs)
             Began as a Naga Ice Elementalist on Apr 4, 2024.
             Was an Initiate of Yredelemnul.
             Escaped with the Orb
             ... and 3 runes on Apr 8, 2024!
             The game lasted 09:52:29 (85398 turns).

nel the Imperceptible (Naga Ice Elementalist)      Turns: 85398, Time: 09:52:30

Health: 208/242    AC: 32    Str: 15 (19) XL:     26   Next: 97%
Magic:  30/30      EV: 16    Int: 25      God:    Yredelemnul [......]
Gold:   5025       SH:  5    Dex: 15      Spells: 2/47 levels left

rFire   + + .        v - +9 demon trident (freeze)
rCold   + + .        Q - orb {*channel}
rNeg    + . .        T - +3 leather armour of Wups {rElec Stlth+}
rPois   +            N - +3 hat of the Shining Light {Rampage rF+}
rElec   +            D - +4 dragonskin cloak
rCorr   +            g - +3 pair of gloves "Tuuzel" {rC++ rCorr Str+3}
SInv    +            r - +1 barding "Sien" {rF+}
Will    +++..        i - amulet of Yraibimi {Reflect +Blink Str+2 Int+3 SH+5}
Stlth   +++          P - ring of protection from fire
HPRegen 0.60/turn    m - ring "Fyduseic" {Ice rN+ Int+3 SInv}
MPRegen 0.22/turn

%: reflection, rampage, channel magic (20%)
@: studying Staves, very slow
A: AC +8, large, see invisible, deformed body, poison resistance, slowness 2,
spit poison 2, naga tail 2, horns 1, deterioration 2, dopey 1, low MP 2, cold
vulnerability 1, inability to read after injury 1, persistent drain
0: Orb of Zot
}: 3/15 runes: barnacled, silver, gossamer
a: Breathe Poison Gas, Renounce Religion, Evoke Blink, Recall Undead Harvest


You escaped.
You worshipped Yredelemnul.
Yredelemnul was aware of your devotion.
You visited 10 branches of the dungeon, and saw 48 of its levels.
You visited 1 bazaar.
You also visited: Bailey and Volcano.

You collected 8614 gold pieces.
You spent 3589 gold pieces at shops.

Inventory:

Hand Weapons
 v - a +9 demon trident of freezing (weapon)
Missiles
 M - 4 throwing nets
Armour
 g - the +3 pair of gloves "Tuuzel" (worn) {rC++ rCorr Str+3}
   (You acquired it on level 9 of the Dungeon)

   Str+3:     It affects your strength (+3).
   rC++:      It greatly protects you from cold.
   rCorr:     It protects you from acid and corrosion.
 r - the +1 barding "Sien" (worn) {rF+}
   (You acquired it on level 1 of the Lair of Beasts)

   rF+:       It protects you from fire.
 D - the +4 dragonskin cloak (worn)
   (You took it off Tiamat on level 4 of the Depths)

   Avatar's Aegis: It grants the wearer a chance to resist fire, cold, poison,
   electricity, acid, and negative energy.
 N - the +3 hat of the Shining Light (worn) {Rampage rF+}
   (You found it on level 4 of the Spider Nest)

   rF+:       It protects you from fire.
   Rampage:   It bestows one free step when moving towards enemies.
 Q - an orb of energy (worn)
 T - the +3 leather armour of Wups (worn) {rElec Stlth+}
   (You took it off a deep elf demonologist on level 3 of the Elven Halls)

   rElec:     It insulates you from electricity.
   Stlth+:    It makes you more stealthy.
Jewellery
 i - the amulet of Yraibimi (around neck) {Reflect +Blink Str+2 Int+3 SH+5}
   (You found it on level 2 of the Vaults)

   [amulet of reflection]

   Reflect:   It reflects blocked missile attacks.
   Str+2:     It affects your strength (+2).
   Int+3:     It affects your intelligence (+3).
   +Blink:    It lets you blink.
   SH+5:      It affects your SH (+5).
 l - a +5 ring of evasion
 m - the ring "Fyduseic" (right hand) {Ice rN+ Int+3 SInv}
   (You took it off a deep elf high priest on level 3 of the Elven Halls)

   [ring of ice]

   Ice:       It enhances your ice magic.
   Int+3:     It affects your intelligence (+3).
   rF-:       It makes you vulnerable to fire.
   rC+:       It protects you from cold.
   rN+:       It protects you from negative energy.
   SInv:      It lets you see invisible.
 o - a ring of ice
 p - a ring of flight
 w - a ring of willpower
 z - a +4 ring of protection
 A - a ring of positive energy
 I - a ring of magical power
 L - the ring "Retuac" {^Drain Dex+5 Slay+4}
   (You acquired it on level 1 of the Depths)

   [ring of slaying]

   Dex+5:     It affects your dexterity (+5).
   Slay+4:    It affects your accuracy & damage with ranged weapons and melee
   (+4).
   ^Drain:    It drains your maximum health when unequipped.
 P - a ring of protection from fire (left hand)
Wands
 y - a wand of roots (28)
 C - a wand of quicksilver (44)
 G - a wand of digging (17)
Scrolls
 a - 12 scrolls of fog
 j - 2 scrolls of brand weapon
 t - 2 scrolls of enchant armour
 B - a scroll of blinking
 E - a scroll of acquirement
 F - 8 scrolls of poison
 H - 2 scrolls of summoning
 J - 9 scrolls of teleportation
 K - 9 scrolls of revelation
 O - 2 scrolls of torment
 S - 5 scrolls of vulnerability
 V - 2 scrolls of silence
 X - 3 scrolls of amnesia
Potions
 b - 6 potions of magic
 c - 5 potions of brilliance
 e - 5 potions of cancellation
 f - 8 potions of curing
 h - a potion of might
 n - a potion of haste
 q - 5 potions of attraction
 u - 3 potions of heal wounds
 x - a potion of invisibility
 R - 3 potions of enlightenment
 U - 6 potions of ambrosia
 W - 2 potions of resistance
Miscellaneous
 d - a lightning rod (4/4)
 s - a phial of floods (inert)
 Y - a phantom mirror
 Z - a tin of tremorstones (1/2)


   Skills:
 + Level 15.5 Fighting
 + Level 19.1 Polearms
 - Level 5.0 Armour
 + Level 18.6 Dodging
 - Level 23.0 Stealth
 + Level 11.4 Spellcasting
 - Level 15.5 Conjurations
 * Level 21.9 Ice Magic
 - Level 15.3 Air Magic
 - Level 10.0 Invocations


You had 2 spell levels left.
You knew the following spells:

 Your Spells              Type           Power      Damage    Failure   Level
a - Arcjolt               Conj/Air       37%        1d47      2%          5
b - Frozen Ramparts       Ice            100%       1d16      1%          3
c - Ozocubu's Armour      Ice            100%       N/A       1%          3
d - Polar Vortex          Ice            55%        12d7*     75%         9
e - Freezing Cloud        Conj/Ice/Air   50%        6-21      1%          5
f - Airstrike             Air            37%        2d(6-22)  1%          4
g - Swiftness             Air            74%        N/A       1%          3
h - Conjure Ball Lightni  Conj/Air       37%        3x3d12    6%          6
i - Ozocubu's Refrigerat  Ice            55%        4d19      3%          7

Your spell library contained the following spells:

 Spells                   Type           Power      Damage    Failure   Level
 Freeze                   Ice            100%       1d10      1%          1
 Magic Dart               Conj           100%       1d8       1%          1
 Shock                    Conj/Air       100%       1d9       1%          1
 Ensorcelled Hibernation  Hex/Ice        100%       N/A       1%          2
 Searing Ray              Conj           100%       2d8       1%          2
 Static Discharge         Conj/Air       100%       3-8/arc   1%          2
 Foxfire                  Conj/Fire      100%       2x1d9     2%          1
 Sting                    Conj/Alch      100%       1d9       2%          1
 Mercury Vapours          Alch/Air       100%       N/A       2%          2
 Momentum Strike          Conj/Tloc      100%       3d10      2%          2
 Cigotuvi's Dreadful Rot  Necr/Alch/Air  78%        N/A       4%          2
 Apportation              Tloc           28%        N/A       14%         1
 Necrotise                Necr           56%        1d6       14%         1
 Sandblast                Erth           28%        2d8       14%         1
 Slow                     Hex            56%        N/A       14%         1
 Blink                    Tloc           28%        N/A       21%         2
 Call Imp                 Summ           28%        N/A       21%         2
 Jinxbite                 Hex            28%        N/A       21%         2
 Lesser Beckoning         Tloc           28%        N/A       21%         2
 Mephitic Cloud           Conj/Alch/Air  60%        N/A       2%          3
 Summon Ice Beast         Ice/Summ       80%        N/A       2%          3
 Dazzling Flash           Conj/Hex       100%       N/A       4%          3
 Stone Arrow              Conj/Erth      100%       3d13      4%          3
 Brom's Barrelling Bould  Conj/Erth      52%        2d7       8%          4
 Flame Wave               Conj/Fire      52%        2d13      8%          4
 Fulminant Prism          Conj/Alch      26%        3d14      8%          4
 Iskenderun's Mystic Bla  Conj/Tloc      52%        2d11      8%          4
 Summon Lightning Spire   Summ/Air       51%        N/A       9%          4
 Vhi's Electric Charge    Tloc/Air       100%       N/A       9%          4
 Silence                  Hex/Air        25%        N/A       17%         5
 Sculpt Simulacrum        Ice/Alch       40%        N/A       22%         6
 Call Canine Familiar     Summ           14%        N/A       34%         3
 Confusing Touch          Hex            14%        N/A       34%         3
 Fugue of the Fallen      Necr           14%        N/A       34%         3
 Gell's Gravitas          Tloc           14%        N/A       34%         3
 Inner Flame              Hex/Fire       14%        N/A       34%         3
 Passwall                 Erth           14%        N/A       34%         3
 Sigil of Binding         Hex            14%        N/A       34%         3
 Teleport Other           Tloc           14%        N/A       34%         3
 Vampiric Draining        Necr           14%        2d7       34%         3
 Volatile Blastmotes      Fire/Tloc      28%        2d12      34%         3
 Bombard                  Conj/Erth      26%        9d5       54%         6
 Plasma Beam              Fire/Air       25%        2x1d38    54%         6
 Starburst                Conj/Fire      26%        6d8       54%         6
 Anguish                  Hex/Necr       7%         N/A       67%         4
 Dimensional Bullseye     Hex/Tloc       7%         N/A       67%         4
 Ignite Poison            Fire/Alch      14%        N/A       67%         4
 Leda's Liquefaction      Alch/Erth      7%         N/A       67%         4
 Martyr's Knell           Necr/Summ      14%        N/A       67%         4
 Olgreb's Toxic Radiance  Alch           14%        N/A       67%         4
 Passage of Golubria      Tloc           14%        N/A       67%         4
 Sticky Flame             Fire/Alch      14%        2d5       67%         4
 Summon Blazeheart Golem  Fire/Summ      14%        N/A       67%         4
 Alistair's Intoxication  Alch           9%         N/A       92%         5
 Borgnjor's Vile Clutch   Necr/Erth      7%         N/A       92%         5
 Curse of Agony           Necr           14%        N/A       92%         5
 Lee's Rapid Deconstruct  Erth           7%         3d6*      92%         5
 Summon Forest            Summ/Tloc      7%         N/A       92%         5
 Yara's Violent Unravell  Hex/Alch       7%         3d5       92%         5
 Eringya's Noxious Bog    Alch           7%         4d6       100%        6
 Enfeeble                 Hex            7%         N/A       100%        7
 Haunt                    Necr/Summ      7%         N/A       100%        7
 Summon Hydra             Summ           7%         N/A       100%        7
 Discord                  Hex            7%         N/A       100%        8
 Disjunction              Tloc           7%         N/A       100%        8
 Ignition                 Fire           7%         3d4       100%        8
 Infestation              Necr           7%         N/A       100%        8
 Lehudib's Crystal Spear  Conj/Erth      26%        10d7      100%        8
 Animate Dead             Necr           Unusable   N/A       N/A         4

Dungeon Overview and Level Annotations

Branches:
Dungeon (15/15)            Temple (1/1) D:7            Lair (5/5) D:8
 Shoals (4/4) Lair:2       Spider (4/4) Lair:2        Slime (0/5) Lair:4
    Orc (2/2) D:11            Elf (3/3) Orc:2        Vaults (5/5) D:14
  Crypt (0/3) Vaults:3     Depths (4/4) D:15            Zot (5/5) Depths:4
 Bailey (visited)         Volcano (visited)

Altars:
Ashenzari
Cheibriados
Dithmenos
Elyvilon
Fedhas
Gozag
Hepliaklqana
Kikubaaqudgha
Makhleb
Nemelex Xobeh
Okawaru
Qazlal
Ru
Sif Muna
Trog
Uskayaw
Vehumet
Wu Jian
Xom
Yredelemnul
Zin
The Shining One

Shops:
D:5 (   D:8 (   D:9 *   Orc:2 [!?:   Elf:1 (   Elf:3 =!   Vaults:4 [
Depths:1 ?   Depths:2 [(*(

Portals:
Hell: Depths:1 Depths:2 Depths:3 Depths:4
Abyss: Depths:1 Depths:2 Depths:3
Pandemonium: Depths:2
Ziggurat: Depths:4
Trove: Depths:3 (give 4 scrolls of fear)

Annotations:
D:10 1 exclusion
Lair:4 2 transporters, Aguanil's ghost, journeyman OnAE; Sonja
Depths:1 scrolls
Depths:2 1 transporter
Zot:1 2 transporters


Innate Abilities, Weirdness & Mutations

Your serpentine skin is tough. (AC +8)
You have supernaturally acute eyesight. (SInv)
Armour fits poorly on your strangely shaped body.
Your system is resistant to poisons. (rPois)
You cover ground very slowly.
You can exhale a cloud of poison.
You can use your snake-like lower body to constrict enemies.
You have a pair of small horns on your head.
Your body often deteriorates upon taking damage.
You are dopey. (Int -2)
Your magical capacity is very low. (-20% MP)
You are vulnerable to cold. (rC-)
You occasionally lose the ability to read scrolls when taking damage.
Your health recovers twice as slowly from being drained.


Message History

The howling sorrow hits you. You partially resist.
Unknown command.
As you read the scroll of teleportation, it crumbles to dust.
You feel strangely unstable.
You feel the Orb delaying your translocation!
Unknown command.
Press: ? - help, v - describe, . - travel
Here: Regivoz (excruciating misery)
The floor.
Unknown command.
Unknown command.
You feel yourself speed up.
Unknown command.
Regivoz gestures at you. The bolt of acid hits you! You resist.
Regivoz gestures at you. The howling sorrow hits you. You partially resist.
You are engulfed in excruciating misery.
Regivoz gestures at you. The bolt of acid hits you!! You resist.
Regivoz gestures at you. The howling sorrow hits you. You partially resist.
You are engulfed in excruciating misery.
Regivoz gestures at you. The bolt of acid misses you. Regivoz gestures at you.
The bolt of acid misses you.
Your surroundings suddenly seem different.
You see here a +0 dagger.
Your extra speed is starting to run out.
There is a large open door here.
Things that are here:
3 stones; a +0 club
There is a large open door here.
You feel yourself slow down.
There is a large open door here.
There is a staircase leading out of the dungeon here.
You start resting.
A demonic crawler comes into view.
You have escaped!

...#4○○.####..# #.#
...##..(.#...## #.#
...###.....### #.#
...###...### ###
#...#..).#### ######
.......#....## #....#
###...##.##..# ###[≈≈.#####
#....###.###.# #.'.≈≈.'.'.#
#.#..# #.###.# #@'.≈≈.'.(.#
..#..# #..##.# ###.≈≈s###.#
###..####.##.## #§...###.#
.#....# #..#..# ########..#
###...####.##.###.####...##
..#....###.##...#........#
#.#.##...#.####.#........#
.(..##..........#........#
.#####...)...............#


You could see a demonic crawler (wandering).

Vanquished Creatures
  9 dread liches
  2 orbs of fire (Zot:5)
  An ancient lich (Zot:5)
  Sojobo (Depths:4)
  Bai Suzhen (Elf:3)
  7 Killer Klowns
  4 caustic shrikes
  Nikola (Vaults:1)
  A curse toe (Zot:2)
  8 golden dragons
  The ghost of jimmypageman the Hoplite, an adept MiFi of Okawaru (Elf:2)
  2 Brimstone Fiends
  An electric golem (Zot:5)
  3 deep elf blademasters
  12 tentacled monstrosities
  22 Orb Guardians
  6 titans
  3 deep elf master archers
  A kraken (Shoals:2)
  7 quicksilver dragons
  5 sphinxes
  Agnes (Spider:4)
  5 death cobs
  9 shadow dragons
  Frances (D:13)
  8 storm dragons
  5 tengu reavers
  The ghost of Imokytzotao the Executioner, an adept MiFi of Okawaru (Shoals:1)
  The ghost of Burzz the Basher, an adept MiFi of Okawaru (Spider:4)
  Kirke (D:14)
  A spectral ogre (Vaults:2)
  Roxanne (Elf:3)
  A demonspawn warmonger (Depths:3)
  4 draconian knights
  7 frost giants
  A fire giant (Depths:3)
  4 protean progenitors
  A draconian monk (Zot:5)
  A balrug (Depths:1)
  3 spectral tentacled monstrosities
  11 vault wardens
  7 deep elf sorcerers
  2 emperor scorpions (Spider:4)
  Ilsuiw (Shoals:2)
  A draconian scorcher (Zot:5)
  2 deep elf elementalists (Elf:3)
  A draconian shifter (Zot:1)
  6 spectral caustic shrikes (Depths:4)
  A draconian stormcaller (Depths:4)
  An orc warlord (Vaults:4)
  9 ghost moths
  2 reapers
  5 draconian annihilators
  12 ironbound preservers
  2 spriggan defenders (Depths:4)
  A Killer Klown zombie (Zot:2)
  5 stone giants
  6 green draconians
  9 ironbound thunderhulks
  7 deep elf death magi
  5 very ugly things
  5 deep elf demonologists
  2 vampire knights
  8 purple draconians
  6 black draconians
  5 yellow draconians
  4 deep elf annihilators (Elf:3)
  10 spark wasps
  3 war gargoyles
  5 red draconians
  7 white draconians
  8 dire elephants (Vaults:1)
  7 ettins
  A green death (D:8)
  Josephine (D:11)
  6 fire dragons
  16 yaktaur captains
  10 merfolk impalers
  An entropy weaver (Vaults:4)
  10 merfolk javelineers
  6 rakshasas
  3 deep elf high priests (Elf:3)
  4 ice dragons
  4 great orbs of eyes
  35 vault guards
  Erolcha (D:9)
  2 catoblepae (Lair:5)
  4 hydras
  A jorogumo (Spider:1)
  3 spriggan air magi
  Erica (D:11)
  A radroach (Spider:4)
  3 merfolk avatars (Shoals:4)
  An alligator snapping turtle (Shoals:4)
  7 ogre magi
  8 centaur warriors
  27 dancing weapons
  2 merfolk aquamancers (Shoals:1)
  7 two-headed ogres (D:15)
  7 boulder beetles
  5 death yaks
  7 demonic crawlers
  13 ironbound frosthearts
  2 deep troll shamans
  A satyr (Shoals:3)
  4 occultists
  5 tengu warriors
  3 deep troll earth magi
  6 shock serpents
  4 spriggan berserkers
  A titan zombie (Vaults:5)
  3 orc high priests
  2 naga sharpshooters (Depths:3)
  A storm dragon zombie (Zot:2)
  A soul eater (D:7)
  A sun demon (Depths:1)
  14 deep elf knights
  An iron troll (Depths:3)
  4 pharaoh ants
  7 sea snakes
  A cherub (D:8)
  3 skeletal warriors
  A sea snake (shapeshifter) (Vaults:4)
  A glowing orange brain (shapeshifter) (Vaults:4)
  14 lindwurms
  2 spriggan riders (Depths:4)
  5 arcanists
  4 orb spiders
  2 shadow dragon zombies (Vaults:5)
  2 shadow demons (Depths:3)
  A spark wasp zombie (Depths:4)
  35 deep trolls
  A deep troll (shapeshifter) (Vaults:5)
  20 deep elf archers
  A glowing orange brain (Depths:4)
  5 steelbarb worms
  A flayed ghost (Depths:3)
  4 phantasmal warriors
  2 orc knights (Vaults:1)
  7 harpies
  A wolf spider zombie (Spider:3)
  15 ironbound convokers
  A jorogumo zombie (Spider:1)
  2 necromancers
  A spectral tengu (Depths:1)
  5 fauns
  33 deep elf pyromancers
  5 ugly thing zombies
  13 manticores
  A frost giant zombie (Vaults:5)
  26 deep elf zephyrmancers
  A draconian zombie (Zot:1)
  10 orc sorcerers
  26 ugly things
  Maurice (D:7)
  12 wolf spiders
  7 cyclopes
  19 meliai
  A toenail golem (Volcano)
  18 moths of wrath
  A kobold blastminer (Orc:2)
  8 elephants
  A black mamba (Lair:4)
  9 merfolk sirens
  A torpor snail (shapeshifter) (Elf:2)
  A guardian serpent (shapeshifter) (Vaults:5)
  9 vault sentinels
  An eye of devastation (shapeshifter) (Vaults:5)
  5 large abominations
  2 water nymphs (shapeshifter)
  6 water nymphs (Shoals:4)
  A smoke demon (Depths:4)
  A spectral rakshasa (Depths:2)
  3 molten gargoyles (Volcano)
  3 torpor snails
  2 gargoyles
  2 white draconian zombies
  3 unseen horrors
  6 cane toads
  2 efreet (Volcano)
  13 yaktaurs
  3 freezing wraiths (Vaults:5)
  A death yak zombie (Lair:5)
  A rime drake (Lair:5)
  3 tengu conjurers
  A komodo dragon (shapeshifter) (Vaults:4)
  2 tormentors
  7 komodo dragons
  A red devil (Zot:2)
  A redback zombie (Spider:4)
  3 trolls
  2 hydra zombies (D:15)
  A harpy zombie (D:15)
  A polar bear (shapeshifter) (Elf:3)
  14 merfolk
  5 polar bears
  2 jumping spider zombies
  20 tarantellas
  7 wind drakes
  A moth of wrath zombie (Zot:2)
  2 hornets
  11 slime creatures
  7 snapping turtles
  A stone giant simulacrum (Vaults:2)
  11 dream sheep
  6 blink frogs
  A tarantella zombie (Spider:1)
  3 meliai zombies
  7 jumping spiders
  7 culicivoras
  A vampire (D:12)
  A ynoxinul (D:6)
  2 centaur simulacra (D:11)
  13 water elementals
  18 yaks
  5 wyverns
  7 air elementals
  6 fire elementals
  2 hogs (D:14)
  2 wraiths
  Grum (D:8)
  A golden eye (shapeshifter) (Vaults:5)
  4 wargs
  6 basilisks
  21 redbacks
  A deep troll zombie (Vaults:2)
  2 chaos spawn (Depths:2)
  4 elf zombies
  6 vampire mosquitoes
  An acid dragon (D:10)
  3 tengu zombies
  3 ogre zombies
  11 water moccasins
  An ice beast (D:11)
  5 black bears
  2 manticore zombies
  19 orc warriors
  3 sky beasts (D:7)
  5 merfolk zombies
  16 wolves
  A lindwurm zombie (Vaults:2)
  A small abomination (Depths:2)
  A dream sheep zombie (Lair:5)
  A boggart (Vaults:3)
  3 elephant zombies (D:15)
  7 human zombies
  11 ogres
  A centaur (D:9)
  Blork the orc (D:4)
  A yaktaur zombie (Vaults:4)
  A wyvern zombie (Lair:5)
  7 kobold brigands
  12 bullfrogs
  4 gnoll sergeants
  A warg zombie (Elf:3)
  3 earth elementals
  A two-headed ogre simulacrum (D:11)
  10 wights
  2 spriggan zombies
  8 killer bees
  2 wolf zombies (D:15)
  10 electric eels
  4 bombardier beetles
  2 howler monkeys
  A human simulacrum (Vaults:2)
  5 centaur zombies (D:15)
  2 hounds (D:4)
  A gnoll bouda (D:5)
  9 orc priests
  Crazy Yiuf (D:3)
  2 sleepcaps (D:6)
  An iguana (D:7)
  36 orc wizards
  A spriggan simulacrum (D:11)
  A killer bee zombie (D:15)
  A boggart simulacrum (D:11)
  22 gnolls
  5 adders
  3 naga simulacra (D:11)
  4 white imps
  2 ufetubi (D:4)
  3 ribbon worms
  2 dart slugs
  79 orcs
  9 endoplasms
  2 giant cockroaches
  11 goblins
  7 hobgoblins
  16 kobolds
  7 quokkas
  2 training dummies (D:8)
  4 ball pythons
  7 bats
  2 frilled lizards
  A gnoll zombie (D:13)
  20 orc zombies
  7 rats
  3 tentacles (Shoals:2)
1645 creatures vanquished.

Vanquished Creatures (collateral kills)
  A dread lich (Zot:5)
  Tiamat (Depths:4)
  An orb of fire (Zot:1)
  A juggernaut (Depths:4)
  Parghit (Depths:4)
  Saint Roka (Vaults:1)
  A caustic shrike (Depths:2)
  A curse toe (Zot:2)
  A golden dragon (Depths:4)
  An electric golem (Zot:5)
  3 tentacled monstrosities
  6 Orb Guardians (Zot:5)
  A deep elf master archer (Elf:1)
  A titan (Vaults:5)
  A quicksilver dragon (Zot:2)
  A kraken (Shoals:1)
  2 death cobs
  3 shadow dragons
  3 storm dragons
  A draconian scorcher (Depths:4)
  2 vault wardens
  4 emperor scorpions (Spider:4)
  An orc warlord (Orc:1)
  A curse skull (Vaults:3)
  A frost giant (Vaults:5)
  A ghost moth (Spider:4)
  A deep elf elementalist (Elf:1)
  4 ironbound preservers
  2 ironbound thunderhulks (Vaults:3)
  A very ugly thing (Vaults:5)
  2 stone giants
  A green draconian (Depths:4)
  A black draconian (Zot:2)
  4 deep elf death magi
  2 yellow draconians (Depths:4)
  A spark wasp (Spider:4)
  A deep elf demonologist (Elf:3)
  A deep elf annihilator (Elf:3)
  A purple draconian (Depths:4)
  3 dire elephants (Vaults:1)
  3 white draconians
  3 ettins
  3 fire dragons
  A merfolk javelineer (Depths:1)
  2 merfolk impalers
  A deep elf high priest (Vaults:5)
  2 entropy weavers (Spider:2)
  6 vault guards
  2 yaktaur captains
  A rakshasa (Depths:1)
  2 great orbs of eyes (Vaults:3)
  4 ice dragons
  A peacekeeper (Vaults:1)
  A spriggan air mage (Depths:4)
  2 merfolk avatars
  An alligator snapping turtle (Shoals:4)
  A boulder beetle (Spider:4)
  4 centaur warriors
  A jorogumo (Spider:3)
  A merfolk aquamancer (Shoals:4)
  2 ironbound frosthearts
  A radroach (Spider:1)
  6 death yaks
  A tengu warrior (Depths:2)
  A naga sharpshooter (Depths:3)
  3 two-headed ogres (D:15)
  A shock serpent (Zot:5)
  4 dancing weapons
  Urug (D:13)
  2 demonic crawlers
  2 deep elf knights
  A sun demon (Depths:3)
  2 skysharks
  A skeletal warrior (D:12)
  2 pharaoh ants
  3 deep elf archers
  5 orb spiders
  4 large abominations (Depths:2)
  11 deep trolls
  An arcanist (Vaults:4)
  3 sea snakes
  A kraken simulacrum (Shoals:4)
  A phantasmal warrior (Vaults:4)
  5 lindwurms
  An orc knight (Vaults:1)
  An ironbound convoker (Vaults:3)
  9 harpies
  3 deep elf pyromancers
  2 steelbarb worms
  3 cyclopes
  10 wolf spiders
  A necromancer (D:15)
  5 deep elf zephyrmancers
  5 manticores
  8 ugly things
  3 fauns
  Joseph (D:9)
  2 meliai (D:15)
  2 black mambas
  3 moths of wrath
  4 elephants
  5 merfolk sirens
  6 vault sentinels
  A smoke demon (Depths:1)
  2 torpor snails
  A black mamba (shapeshifter) (Elf:1)
  Jeremiah (D:9)
  A molten gargoyle (Volcano)
  A gargoyle (D:13)
  8 cane toads
  10 yaktaurs
  4 komodo dragons
  2 rime drakes
  A redback zombie (Spider:1)
  A tengu conjurer (D:15)
  8 merfolk
  A hornet (Depths:3)
  A queen bee (Depths:3)
  5 blink frogs
  14 tarantellas
  A dream sheep (Lair:5)
  2 tarantella zombies
  4 slime creatures
  5 snapping turtles
  10 jumping spiders
  9 culicivoras
  2 spriggans
  An air elemental (Elf:3)
  A vampire (D:11)
  4 water elementals
  3 wraiths (D:11)
  9 yaks
  2 wyverns (Lair:3)
  2 basilisks
  A warg (Orc:2)
  A vampire mosquito (D:13)
  16 redbacks
  2 small abominations (Depths:2)
  A water moccasin (Lair:1)
  6 orc warriors
  An ice beast (D:8)
  5 ogres
  6 wolves
  A bullfrog (Lair:3)
  A gnoll sergeant (D:8)
  A wight (D:8)
  3 howler monkeys
  A jelly (D:8)
  8 orc wizards
  4 hell rats (Lair:1)
  A killer bee zombie (D:10)
  An ogre zombie (Orc:2)
  4 gnolls (D:6)
  17 orcs
  A training dummy (D:8)
  2 kobolds
  A ball lightning (Depths:4)
  15 butterflies (Vaults:2)
  4 tentacles
468 creatures vanquished.

Vanquished Creatures (others)
  A golden dragon (Zot:4)
  A Brimstone Fiend (Spider:4)
  3 spectral tentacled monstrosities
  A draconian scorcher (Zot:4)
  A caustic shrike zombie (Depths:2)
  A spectral draconian (Zot:5)
  2 Killer Klown zombies (Zot:5)
  A yellow draconian (Zot:4)
  A red draconian (Depths:4)
  A very ugly thing zombie (Depths:4)
  A spectral purple draconian (Zot:5)
  3 quicksilver dragon zombies
  2 jorogumos (Spider:4)
  6 Orb Guardian zombies (Zot:5)
  A radroach (Spider:4)
  A demonic crawler (Spider:4)
  A deep troll shaman (Depths:1)
  A spectral elf (Vaults:5)
  2 emperor scorpion zombies (Spider:4)
  2 titan zombies (Vaults:5)
  2 storm dragon zombies
  A skyshark (Shoals:1)
  4 spark wasp zombies (Depths:4)
  A golden dragon zombie (Depths:4)
  A sixfirhy (Depths:3)
  A spectral reaper (Depths:3)
  2 spectral merfolk
  4 ghost moth zombies
  A shadow dragon zombie (Zot:5)
  4 tengu zombies
  7 wolf spider zombies
  A steelbarb worm (Spider:4)
  2 deep elf pyromancers (Elf:2)
  A deep elf zephyrmancer (Elf:3)
  2 jorogumo zombies
  5 ugly thing zombies
  A stone giant zombie (Vaults:5)
  A wolf spider (Spider:4)
  2 shock serpent zombies
  4 dire elephant zombies (Vaults:1)
  3 centaur zombies
  A spectral rakshasa (Depths:2)
  15 merfolk zombies
  A death yak zombie (Lair:5)
  A spectral shadow demon (Depths:3)
  4 spriggan zombies
  4 orb spider zombies
  2 red draconian zombies
  A white draconian zombie (Zot:1)
  13 redback zombies
  A green draconian zombie (Depths:4)
  2 black draconian zombies
  2 sea snake zombies (Shoals:4)
  A great orb of eyes zombie (Vaults:3)
  6 harpy zombies
  2 demonic crawler zombies (Spider:4)
  8 moth of wrath zombies
  A satyr zombie (Shoals:3)
  11 tarantella zombies
  7 culicivora zombies
  A tarantella (Spider:4)
  3 ice dragon zombies
  7 jumping spider zombies
  A radroach zombie (Spider:1)
  4 fire dragon zombies
  6 ettin zombies
  11 meliai zombies
  A guardian serpent zombie (Vaults:5)
  2 jumping spiders (Spider:4)
  A boulder beetle zombie (D:12)
  2 black mamba zombies
  4 water elementals (Elf:2)
  A wind drake zombie (Shoals:1)
  A human (D:14)
  3 slime creature zombies
  2 water nymph zombies
  2 two-headed ogre zombies (D:15)
  10 deep troll zombies
  4 faun zombies
  A spectral efreet (Volcano)
  A cane toad zombie (Lair:1)
  A dream sheep zombie (Shoals:3)
  43 elf zombies
  6 snapping turtle zombies
  A hornet zombie (D:9)
  5 lindwurm zombies
  4 elephant zombies
  5 manticore zombies
  3 blink frog zombies (Lair:2)
  A hog zombie (D:14)
  A naga zombie (Depths:3)
  A rime drake zombie (Lair:5)
  2 komodo dragon zombies
  3 cyclops zombies
  16 yaktaur zombies
  2 warg zombies
  3 wyvern zombies
  A wight (D:7)
  7 yak zombies
  A killer bee (D:10)
  2 polar bear zombies
  12 wolf zombies
  22 human zombies
  3 bullfrog zombies
  10 ogre zombies
  An orc priest (D:10)
  A basilisk zombie (Lair:5)
  3 killer bee zombies
  2 ice beast zombies
  2 howler monkey zombies
  A jelly zombie (D:8)
  A bat zombie (D:1)
  8 gnoll zombies
  A goblin zombie (D:9)
  6 kobold zombies
  36 orc zombies
  196 ball lightnings
  12 tentacles
659 creatures vanquished.

Grand Total: 2772 creatures vanquished

Notes
Turn   | Place    | Note
-------+----------+-------------------------------------------
     0 | D:1      | nel the Naga Ice Elementalist began the quest for the Orb.
     0 | D:1      | Reached XP level 1. HP: 15/15 MP: 3/3
   107 | D:1      | You fall into a shaft and drop 1 floor!
   128 | D:2      | Reached XP level 2. HP: 22/22 MP: 5/5
   264 | D:1      | Reached XP level 3. HP: 28/28 MP: 6/6
   501 | D:1      | Learned a level 3 spell: Frozen Ramparts
   894 | D:2      | Reached skill level 4 in Stealth
  1114 | D:2      | Reached XP level 4. HP: 36/36 MP: 5/7
  1406 | D:3      | Learned a level 3 spell: Ozocubu's Armour
  1514 | D:3      | Found a burning altar of Makhleb.
  1544 | D:3      | Reached skill level 5 in Ice Magic
  1544 | D:3      | Reached XP level 5. HP: 32/42 MP: 2/8
  1726 | D:3      | Identified the +1 sling "Dosumm" {flame, Int+4 Dex+5}
  1983 | D:3      | Found a runed translucent door.
  1984 | D:3      | Noticed Crazy Yiuf
  1993 | D:3      | Killed Crazy Yiuf
  1994 | D:3      | Reached skill level 5 in Stealth
  2276 | D:4      | Reached XP level 6. HP: 40/49 MP: 5/9
  2413 | D:4      | Noticed Blork the orc
  2422 | D:4      | Killed Blork the orc
  2707 | D:4      | Identified the +8 short sword of the Heavens {heavy, *Noise
                  | MP+9 Dex+4}
  2952 | D:5      | Entered Level 5 of the Dungeon
  2993 | D:5      | Noticed a black bear
  2997 | D:5      | Reached XP level 7. HP: 55/55 MP: 10/10
  3346 | D:5      | Reached XP level 8. HP: 44/62 MP: 11/11
  3563 | D:5      | Found Cadit's Weapon Shoppe.
  3949 | D:6      | Reached skill level 5 in Dodging
  4442 | D:6      | Reached XP level 9. HP: 67/68 MP: 12/12
  4620 | D:6      | Found a basalt altar of Yredelemnul.
  4890 | D:7      | Reached skill level 10 in Ice Magic
  5169 | D:7      | Found a stormy altar of Qazlal.
  5255 | D:7      | Found a staircase to the Ecumenical Temple.
  5265 | Temple   | Entered the Ecumenical Temple
  5456 | D:7      | Noticed Maurice
  5473 | D:7      | Killed Maurice
  5595 | D:7      | Reached XP level 10. HP: 75/75 MP: 13/13
  5912 | D:6      | Became a worshipper of Yredelemnul the Dark
  5967 | D:8      | Reached * piety under Yredelemnul
  6019 | D:8      | Found Keupp's Firing Range.
  6433 | D:8      | Identified the +7 dagger "Elabbil" {flame, Will- Str+5
                  | Int+6}
  6667 | D:8      | Found a staircase to the Lair.
  6672 | D:8      | Reached ** piety under Yredelemnul
  6676 | D:8      | Noticed Grum
  6685 | D:8      | Killed Grum
  6918 | D:8      | Reached *** piety under Yredelemnul
  7028 | D:8      | Found a sacrificial altar of Ru.
  7039 | D:8      | Noticed a gargoyle
  7060 | D:8      | Killed a gargoyle
  7175 | D:9      | Identified the +2 leather armour "Ruxeel" {Str+3}
  7188 | D:9      | Identified a scroll of acquirement
  7188 | D:9      | Acquired the +3 pair of gloves "Tuuzel" {rC++ rCorr Str+3}
  7209 | D:9      | Found Libu's Serpentskin Sales.
  7307 | D:9      | Found a flagged portal.
  7317 | Bailey   | Entered a bailey
  7359 | Bailey   | Identified the +14 plate armour of Losof {rC+}
  7453 | Bailey   | Found a burning altar of Makhleb.
  7471 | Bailey   | Identified the +0 helmet of Weightlessness {Dex+3}
  7555 | D:9      | Noticed Jeremiah
  7608 | D:9      | Identified the +0 robe "Paad" {Dex+4}
  7792 | D:9      | Found a shadowy altar of Dithmenos.
  7810 | D:9      | Noticed Joseph
  7819 | D:9      | Reached XP level 11. HP: 65/81 MP: 14/14
  7824 | D:9      | Killed Joseph
  7846 | D:9      | Noticed Erolcha
  7877 | D:9      | Killed Erolcha
  7968 | D:9      | Noticed a boulder beetle
  7973 | D:9      | Your ally Erolcha died
  7980 | D:9      | Your ally Joseph died
  7993 | D:9      | Killed a boulder beetle
  8063 | D:9      | Found a shimmering blue altar of Sif Muna.
  8185 | D:9      | Killed Jeremiah
  8313 | D:10     | Entered Level 10 of the Dungeon
  8318 | D:10     | Found a bloodstained altar of Trog.
  9295 | D:11     | Noticed Erica
  9569 | D:11     | Reached skill level 15 in Ice Magic
  9863 | D:11     | Found a staircase to the Orcish Mines.
 10189 | D:11     | Learned a level 3 spell: Summon Ice Beast
 10372 | D:11     | Noticed Josephine
 10384 | D:11     | Killed Josephine
 10385 | D:11     | Reached XP level 12. HP: 88/88 MP: 15/15
 10555 | D:11     | Learned a level 5 spell: Freezing Cloud
 10697 | D:9      | Found a glowing golden altar of the Shining One.
 10821 | D:12     | Reached skill level 1 in Invocations
 10826 | D:12     | Reached skill level 1 in Fighting
 10826 | D:12     | Reached skill level 1 in Conjurations
 10826 | D:12     | Reached skill level 1 in Air Magic
 10928 | D:11     | Killed Erica
 10938 | D:11     | HP: 4/91 [poisoned by Erica (bolt of poison)]
 11273 | D:12     | Found a flickering gateway to a bazaar.
 11294 | Bazaar   | Entered a bazaar
 11339 | Bazaar   | Found Weozuosenn's Jewellery Shoppe.
 11383 | Bazaar   | Found Neqiz's Jewellery Boutique.
 11425 | Bazaar   | Found Ocru's Magic Scroll Shoppe.
 11483 | Bazaar   | Found Evvo's Book Shoppe.
 11568 | Bazaar   | Bought the macabre finger necklace {Finger+ rN+} for 280
                  | gold pieces
 11568 | Bazaar   | Found the macabre finger necklace {Finger+ rN+}
 12009 | D:12     | Noticed a boulder beetle
 12027 | D:12     | Killed a boulder beetle
 12275 | D:12     | Reached skill level 10 in Dodging
 13440 | D:13     | Noticed Frances
 13444 | D:13     | Noticed a soul eater
 13457 | D:13     | Noticed a soul eater
 13458 | D:13     | Killed Frances
 13659 | D:13     | Gained mutation: You can use your snake-like lower body to
                  | constrict enemies. [Naga growth]
 13659 | D:13     | Reached XP level 13. HP: 76/97 MP: 15/17
 13667 | D:13     | Reached skill level 1 in Polearms
 14137 | D:13     | Reached skill level 5 in Conjurations
 14290 | D:13     | Noticed Urug
 14299 | D:13     | Killed Urug
 14300 | D:13     | Reached skill level 5 in Air Magic
 15042 | D:14     | Found a gate to the Vaults.
 15162 | D:14     | Noticed a rakshasa
 15170 | D:14     | Killed a rakshasa
 15206 | D:14     | Learned a level 4 spell: Airstrike
 15299 | D:14     | Noticed Kirke
 15304 | D:14     | Reached **** piety under Yredelemnul
 15304 | D:14     | Reached ***** piety under Yredelemnul
 15305 | D:14     | Killed Kirke
 15306 | D:14     | Reached ****** piety under Yredelemnul
 15889 | D:15     | Entered Level 15 of the Dungeon
 16202 | D:15     | Found an ancient bone altar of Kikubaaqudgha.
 16209 | D:15     | Identified the +4 hand axe of the Unseen Realm {heavy,
                  | *Corrode rPois Int+3 Stlth+}
 16255 | D:15     | Reached skill level 5 in Spellcasting
 16255 | D:15     | Reached XP level 14. HP: 98/105 MP: 10/21
 16346 | D:15     | Reached skill level 5 in Polearms
 16603 | D:15     | Found a staircase to the Depths.
 17951 | Lair:1   | Entered Level 1 of the Lair of Beasts
 17952 | Lair:1   | Acquired the +1 barding "Sien" {rF+}
 18294 | Lair:1   | Found a dark tunnel.
 18303 | Volcano  | Entered a volcano
 19726 | Lair:2   | Found a staircase to the Shoals.
 19943 | Lair:2   | Reached XP level 15. HP: 110/111 MP: 22/22
 19982 | Lair:2   | Found a hole to the Spider Nest.
 21966 | Lair:4   | Found a transporter.
 21967 | Lair:4   | Found a transporter.
 22005 | Lair:4   | You fall into a shaft and drop 1 floor!
 22005 | Lair:5   | Entered Level 5 of the Lair of Beasts
 22373 | Lair:4   | Noticed Aguanil's ghost (journeyman OnAE)
 22380 | Lair:4   | Found a staircase to the Slime Pits.
 22483 | Lair:4   | Noticed Sonja
 22533 | Lair:4   | Found a bloodstained altar of Trog.
 22621 | Lair:5   | Identified the +5 spear "Alosis" {speed, *Rage rF+ Str+3
                  | Dex+5}
 22948 | Lair:5   | Reached skill level 10 in Conjurations
 22993 | Lair:5   | Reached skill level 10 in Air Magic
 23305 | Lair:5   | Reached XP level 16. HP: 118/118 MP: 25/25
 23737 | Orc:1    | Entered Level 1 of the Orcish Mines
 24449 | Orc:2    | Entered Level 2 of the Orcish Mines
 24591 | Orc:2    | Found a staircase to the Elven Halls.
 24878 | Orc:2    | Found Eppecvic's Book Shop.
 24903 | Orc:2    | Found a radiant altar of Vehumet.
 24981 | Orc:2    | Found Qauhicut's Magic Scroll Shop.
 25123 | Orc:2    | Found Hixohoc's Distillery.
 25157 | Orc:2    | Found an ancient bone altar of Kikubaaqudgha.
 25178 | Orc:2    | Found Ytreanin's Antique Armour Boutique.
 25303 | Orc:2    | Learned a level 3 spell: Swiftness
 25310 | Orc:2    | Learned a level 6 spell: Conjure Ball Lightning
 25407 | Orc:2    | Bought a scroll of teleportation for 48 gold pieces
 25407 | Orc:2    | Bought a scroll of summoning for 152 gold pieces
 25955 | Spider:1 | Entered Level 1 of the Spider Nest
 26233 | Shoals:1 | Entered Level 1 of the Shoals
 26273 | Shoals:1 | Found a large runed translucent door.
 26274 | Shoals:1 | Found a large runed translucent door.
 26282 | Shoals:1 | Noticed Imokytzotao's ghost (adept MiFi)
 26663 | Shoals:1 | Reached skill level 10 in Polearms
 27137 | Shoals:1 | Noticed a kraken
 27145 | Shoals:1 | Killed a kraken
 27978 | Shoals:1 | Killed Imokytzotao's ghost
 28011 | Shoals:1 | Identified the +4 halberd of the Warrior {flame, rCorr
                  | Int+3}
 28760 | Shoals:2 | Noticed Ilsuiw
 28770 | Shoals:2 | Killed Ilsuiw
 29006 | Shoals:2 | Reached XP level 17. HP: 134/135 MP: 21/27
 29174 | Shoals:2 | Noticed a kraken
 29200 | Shoals:2 | Killed a kraken
 30184 | Shoals:3 | Reached skill level 5 in Fighting
 30684 | Shoals:4 | Entered Level 4 of the Shoals
 30919 | Shoals:4 | Identified the +6 chain mail of the Flute {Rampage}
 32809 | Shoals:4 | Got a barnacled rune of Zot
 34489 | Spider:1 | Reached XP level 18. HP: 108/150 MP: 24/28
 36941 | Spider:3 | Identified the +8 quarterstaff of No Interval {drain,
                  | ^Drain Str+2 Int+5 Dex-2}
 37275 | Spider:4 | Entered Level 4 of the Spider Nest
 37287 | Spider:4 | Found a runed translucent gate.
 37287 | Spider:4 | Found a runed translucent gate.
 37288 | Spider:4 | Found a runed translucent gate.
 37288 | Spider:4 | Noticed Burzz's ghost (adept MiFi)
 37289 | Spider:4 | Noticed Agnes
 37294 | Spider:4 | Killed Agnes
 38301 | Spider:4 | Got a gossamer rune of Zot
 39068 | Spider:4 | Noticed a Brimstone Fiend
 39070 | Spider:4 | Gained mutation: You sometimes lose your temper in combat.
                  | [mutagenic glow]
 39073 | Spider:4 | Killed a Brimstone Fiend
 39075 | Spider:4 | Reached XP level 19. HP: 156/163 MP: 2/29
 39081 | Spider:4 | Gained mutation: You are vulnerable to cold. (rC-)
                  | [mutagenic glow]
 39095 | Spider:4 | Killed Burzz's ghost
 39121 | Spider:4 | Identified the +3 hat of the Shining Light {Rampage rF+}
 39693 | Depths:1 | Entered Level 1 of the Depths
 39876 | Vaults:1 | Entered Level 1 of the Vaults
 40180 | Vaults:1 | Noticed Nikola
 40190 | Vaults:1 | Killed Nikola
 40383 | Vaults:1 | Lost mutation: You are vulnerable to cold. (rC-) [potion of
                  | mutation]
 40383 | Vaults:1 | Lost mutation: You sometimes lose your temper in combat.
                  | [potion of mutation]
 40383 | Vaults:1 | Gained mutation: You have a pair of small horns on your
                  | head. [potion of mutation]
 40383 | Vaults:1 | Gained mutation: You can exhale a cloud of poison. [potion
                  | of mutation]
 40472 | Vaults:1 | Your ally Nikola died
 41279 | Vaults:1 | Noticed Saint Roka
 41301 | Vaults:1 | Killed Saint Roka
 43834 | Vaults:2 | Reached XP level 20. HP: 119/176 MP: 26/30
 44178 | Vaults:2 | Reached skill level 15 in Dodging
 44203 | Vaults:2 | Identified the amulet of Yraibimi {Reflect +Blink Str+2
                  | Int+3 SH+5}
 44227 | Vaults:2 | Reached skill level 10 in Fighting
 44470 | Vaults:2 | Identified the +4 scale mail "Anuppimuro" {Dex+2}
 44498 | Vaults:2 | Found a huge runed translucent gate.
 44498 | Vaults:2 | Found a huge runed translucent gate.
 44498 | Vaults:2 | Found a huge runed translucent gate.
 44498 | Vaults:2 | Found a huge runed translucent gate.
 44498 | Vaults:2 | Found a huge runed translucent gate.
 44499 | Vaults:2 | Found a huge runed translucent gate.
 44499 | Vaults:2 | Found a huge runed translucent gate.
 44499 | Vaults:2 | Found a huge runed translucent gate.
 44499 | Vaults:2 | Found a huge runed translucent gate.
 44499 | Vaults:2 | Found a huge runed translucent gate.
 44500 | Vaults:2 | Found a huge runed translucent gate.
 44501 | Vaults:2 | Found a huge runed translucent gate.
 44502 | Vaults:2 | Found a huge runed translucent gate.
 44503 | Vaults:2 | Found a huge runed translucent gate.
 44504 | Vaults:2 | Found a huge runed translucent gate.
 44505 | Vaults:2 | Found a huge runed translucent gate.
 44505 | Vaults:2 | Found a huge runed translucent gate.
 44511 | Vaults:2 | Found a huge runed translucent gate.
 44512 | Vaults:2 | Found a huge runed translucent gate.
 44512 | Vaults:2 | Found a huge runed translucent gate.
 44512 | Vaults:2 | Found a huge runed translucent gate.
 44512 | Vaults:2 | Found a huge runed translucent gate.
 44514 | Vaults:2 | Found a huge runed translucent gate.
 44515 | Vaults:2 | Found a huge runed translucent gate.
 44516 | Vaults:2 | Found a huge runed translucent gate.
 44516 | Vaults:2 | Found a huge runed translucent gate.
 44522 | Vaults:2 | Found a huge runed translucent gate.
 44523 | Vaults:2 | Found a huge runed translucent gate.
 44523 | Vaults:2 | Found a huge runed translucent gate.
 44523 | Vaults:2 | Found a huge runed translucent gate.
 44523 | Vaults:2 | Found a huge runed translucent gate.
 44531 | Vaults:2 | Found a huge runed translucent gate.
 44532 | Vaults:2 | Found a huge runed translucent gate.
 44533 | Vaults:2 | Found a huge runed translucent gate.
 44533 | Vaults:2 | Found a huge runed translucent gate.
 44537 | Vaults:2 | Found a huge runed translucent gate.
 45725 | Vaults:3 | HP: 4/176 [vault warden/+2 great mace of protection (20)]
 45727 | Vaults:3 | Reached skill level 15 in Polearms
 45997 | Vaults:3 | Found a staircase to the Crypt.
 46719 | Vaults:3 | Reached skill level 5 in Invocations
 48018 | Vaults:4 | Found Menoh's Antique Armour Shoppe.
 48403 | Vaults:4 | Bought a glowing cloak for 180 gold pieces
 49209 | Vaults:4 | Reached XP level 21. HP: 185/186 MP: 29/31
 49931 | Orc:2    | Bought a potion of resistance for 150 gold pieces
 50038 | Elf:1    | Entered Level 1 of the Elven Halls
 50039 | Elf:1    | Paralysed by an air elemental for 1 turns
 50550 | Elf:1    | Paralysed by an air elemental for 1 turns
 50712 | Elf:1    | Found a huge runed translucent gate.
 50734 | Elf:1    | Found a huge runed translucent gate.
 50734 | Elf:1    | Found a huge runed translucent gate.
 50734 | Elf:1    | Found a huge runed translucent gate.
 50736 | Elf:1    | Found a huge runed translucent gate.
 50737 | Elf:1    | Found a huge runed translucent gate.
 50737 | Elf:1    | Found a huge runed translucent gate.
 50737 | Elf:1    | Found a huge runed translucent gate.
 50737 | Elf:1    | Found a huge runed translucent gate.
 50738 | Elf:1    | Found a huge runed translucent gate.
 50738 | Elf:1    | Found a huge runed translucent gate.
 50738 | Elf:1    | Found a huge runed translucent gate.
 50738 | Elf:1    | Found a huge runed translucent gate.
 50738 | Elf:1    | Found a huge runed translucent gate.
 50738 | Elf:1    | Found a huge runed translucent gate.
 50738 | Elf:1    | Found a huge runed translucent gate.
 50738 | Elf:1    | Found a huge runed translucent gate.
 50739 | Elf:1    | Found a huge runed translucent gate.
 50739 | Elf:1    | Found a huge runed translucent gate.
 50739 | Elf:1    | Found a huge runed translucent gate.
 51507 | Elf:1    | Found Joufreerro's Weapon Shoppe.
 51518 | Elf:1    | Bought the +10 halberd of Ydyige {vamp, rCorr Int+3 Dex+3}
                  | for 1395 gold pieces
 52545 | Elf:2    | Found a runed translucent door.
 52549 | Elf:2    | Noticed jimmypageman's ghost (adept MiFi)
 52595 | Elf:2    | Killed jimmypageman's ghost
 52829 | Elf:2    | Paralysed by an air elemental for 1 turns
 52835 | Elf:2    | Paralysed by an air elemental for 1 turns
 52894 | Elf:2    | Identified the amulet "Giupuatt" {Spirit rPois}
 52903 | Elf:2    | Reached skill level 15 in Conjurations
 53253 | Elf:2    | Found a runed translucent gate.
 53253 | Elf:2    | Found a runed translucent gate.
 53253 | Elf:2    | Found a runed translucent gate.
 54153 | Elf:2    | Reached skill level 15 in Air Magic
 55111 | Elf:3    | Entered Level 3 of the Elven Halls
 55196 | Elf:3    | Reached XP level 22. HP: 65/198 MP: 7/32
 56046 | Elf:3    | Paralysed by an air elemental for 1 turns
 56074 | Elf:3    | Identified the +6 flail of the Wolf {flame, rF++ Str+2}
 56077 | Elf:3    | Found the +3 pair of mountain boots {steadfast, rC+}
 56122 | Elf:3    | Identified the +2 spear of Quick Death {spect, rPois rF+
                  | rN+}
 56123 | Elf:3    | Identified the +4 dagger "Nen Vidod" {freeze, Int+3}
 56123 | Elf:3    | Identified the +3 leather armour of Wups {rElec Stlth+}
 56344 | Elf:3    | Identified the +1 war axe of Ejedom {holy, ^Drain +Blink
                  | Will- Str+7}
 56344 | Elf:3    | Identified the ring "Fyduseic" {Ice rN+ Int+3 SInv}
 56695 | Elf:3    | Learned a level 7 spell: Ozocubu's Refrigeration
 56717 | Elf:3    | Got the Reference Book on Rot and the Throng
 56781 | Elf:3    | Noticed Roxanne
 56801 | Elf:3    | Killed Roxanne
 56984 | Elf:3    | Found Tuwk's Distillery.
 56985 | Elf:3    | Identified the dragon-blood talisman "Juwkok" {rF+ rN+
                  | Will+}
 56985 | Elf:3    | Noticed Bai Suzhen
 56986 | Elf:3    | Found Nellemog's One-of-a-Kind Rings.
 57029 | Elf:3    | HP: 4/199 [Bai Suzhen/torrent of water (26)]
 57031 | Elf:3    | Killed Bai Suzhen
 57059 | Elf:3    | Reached skill level 1 in Armour
 57522 | Elf:3    | Bought 2 potions of heal wounds for 140 gold pieces
 57522 | Elf:3    | Bought 2 potions of heal wounds for 140 gold pieces
 57522 | Elf:3    | Bought a potion of might for 56 gold pieces
 57522 | Elf:3    | Bought a potion of magic for 112 gold pieces
 58585 | Vaults:5 | Entered Level 5 of the Vaults
 58600 | Vaults:4 | Reached skill level 6 in Stealth
 59491 | Vaults:5 | Reached skill level 7 in Stealth
 59673 | Vaults:5 | Noticed a dread lich
 59716 | Vaults:4 | Killed a dread lich
 60204 | Vaults:5 | Reached skill level 8 in Stealth
 60653 | Vaults:5 | Reached XP level 23. HP: 125/208 MP: 28/33
 61403 | Vaults:4 | Reached skill level 9 in Stealth
 62336 | Vaults:4 | Reached skill level 10 in Invocations
 62462 | Vaults:5 | Noticed a dread lich
 62492 | Vaults:4 | Killed a dread lich
 63372 | Vaults:5 | Got a silver rune of Zot
 63666 | Vaults:5 | Learned a level 5 spell: Arcjolt
 64028 | Vaults:5 | Identified the +6 falchion "Killer Bee's Peril" {antimagic,
                  | Int+2 Dex+4}
 64266 | Vaults:5 | Identified the +5 mace "Okuen" {spect, rPois Int+3}
 64931 | D:15     | Reached skill level 10 in Stealth
 65310 | Depths:1 | Found a one-way gate to the infinite horrors of the Abyss.
 65479 | Depths:1 | Found an opulent altar of Gozag.
 65552 | Depths:1 | Found Utog's Magic Scroll Shoppe.
 65561 | Depths:1 | Bought a scroll of acquirement for 936 gold pieces
 65683 | Depths:1 | Reached skill level 11 in Stealth
 65688 | Depths:1 | Found a gateway to Hell.
 65698 | Depths:1 | Identified the +1 plate armour of Xom, Riding {rF+ Int+3}
 65932 | Depths:2 | Found Lufoq's General Store.
 65933 | Depths:2 | Found Ughuozy's Antique Weapon Emporium.
 65933 | Depths:2 | Found Lofferuny's Antique Armour Shoppe.
 65946 | Depths:2 | Reached skill level 5 in Armour
 66215 | Depths:2 | Found a one-way gate leading to the halls of Pandemonium.
 66226 | Depths:2 | Reached skill level 12 in Stealth
 66476 | Depths:2 | Noticed a caustic shrike
 66479 | Depths:2 | Noticed a caustic shrike
 66480 | Depths:2 | Noticed a caustic shrike
 66480 | Depths:2 | Noticed a caustic shrike
 66486 | Depths:2 | Killed a caustic shrike
 66486 | Depths:2 | Noticed a caustic shrike
 66488 | Depths:2 | Killed a caustic shrike
 66816 | Depths:2 | Found Ofuanuc's Weapon Shoppe.
 67078 | Depths:2 | Found a shimmering altar of Xom.
 67134 | Depths:2 | Found a radiant altar of Vehumet.
 67138 | Depths:2 | Found a transporter.
 67256 | Depths:2 | Killed a caustic shrike
 67257 | Depths:2 | Reached skill level 13 in Stealth
 67257 | Depths:2 | Reached XP level 24. HP: 122/218 MP: 29/35
 67269 | Depths:1 | Killed a caustic shrike
 67556 | Depths:2 | Killed a caustic shrike
 68195 | Depths:3 | Reached skill level 14 in Stealth
 68740 | Depths:3 | Found a portal to a secret trove of treasure.
 69111 | Depths:3 | Found a sparkling altar of Nemelex Xobeh.
 69378 | Depths:4 | Entered Level 4 of the Depths
 69393 | Depths:4 | Reached skill level 15 in Stealth
 69449 | Depths:4 | Noticed Sojobo
 69458 | Depths:4 | Paralysed by an air elemental for 1 turns
 69594 | Depths:4 | Noticed Parghit
 69840 | Depths:4 | Reached skill level 16 in Stealth
 69888 | Depths:4 | Killed Sojobo
 70877 | Depths:4 | Found a gate to the Realm of Zot.
 70938 | Depths:4 | Noticed a juggernaut
 70942 | Depths:4 | Killed Parghit
 70949 | Depths:4 | Killed a juggernaut
 70950 | Depths:4 | Reached skill level 17 in Stealth
 71481 | Depths:4 | Found a one-way gateway to a ziggurat.
 71557 | Zot:1    | Entered Level 1 of the Realm of Zot
 71574 | Zot:1    | Reached skill level 10 in Spellcasting
 72039 | Zot:1    | Found the +4 dragonskin cloak
 72039 | Zot:1    | Noticed Tiamat
 72424 | Depths:4 | Reached skill level 18 in Stealth
 73553 | Depths:4 | Reached XP level 25. HP: 187/220 MP: 27/37
 74167 | Depths:4 | Killed Tiamat
 74252 | Depths:4 | Acquired the ring "Retuac" {^Drain Dex+5 Slay+4}
 75071 | Zot:1    | Reached skill level 19 in Stealth
 75072 | Zot:1    | Found a transporter.
 75091 | Zot:1    | Acquired 568 gold pieces
 75158 | Zot:1    | Found a transporter.
 75160 | Zot:1    | Found the +3 robe of Clouds {*Thunder rCloud rElec}
 76099 | Zot:2    | Noticed a Killer Klown
 76103 | Zot:2    | Noticed an orb of fire
 76327 | Zot:2    | Noticed a Killer Klown
 76497 | Zot:1    | Killed a Killer Klown
 76713 | Zot:2    | Gained mutation: You occasionally lose the ability to read
                  | scrolls when taking damage. [an orb of fire]
 76720 | Zot:2    | Gained mutation: Your magical capacity is low. (-10% MP)
                  | [an orb of fire]
 76725 | Zot:1    | Gained mutation: Your health recovers twice as slowly from
                  | being drained. [an orb of fire]
 76727 | Zot:1    | Reached skill level 20 in Stealth
 76728 | Zot:1    | Killed an orb of fire
 76998 | Zot:2    | Identified the +0 pair of gloves of Tender Moments {Int+2}
 77045 | Zot:2    | Killed a Killer Klown
 78528 | Zot:3    | You fall into a shaft and drop 1 floor!
 78582 | Zot:4    | Reached skill level 21 in Stealth
 80135 | Zot:5    | Entered Level 5 of the Realm of Zot
 80547 | Zot:5    | Noticed a dread lich
 80556 | Zot:5    | Reached XP level 26. HP: 227/240 MP: 23/33
 80558 | Zot:5    | Killed a dread lich
 80605 | Zot:5    | Noticed a dread lich
 80607 | Zot:5    | Noticed a Killer Klown
 80632 | Zot:5    | Killed a dread lich
 80637 | Zot:5    | Killed a Killer Klown
 80693 | Zot:5    | Noticed an orb of fire
 80710 | Zot:5    | Gained mutation: Potions are less effective at restoring
                  | your health. [an orb of fire]
 80715 | Zot:5    | Noticed a Killer Klown
 80716 | Zot:5    | Killed an orb of fire
 80717 | Zot:5    | Reached skill level 22 in Stealth
 80726 | Zot:5    | Killed a Killer Klown
 80735 | Zot:5    | Noticed a dread lich
 80743 | Zot:5    | Paralysed by a dread lich for 3 turns
 80759 | Zot:5    | Killed a dread lich
 81248 | Zot:5    | Noticed an ancient lich
 81259 | Zot:5    | Noticed a dread lich
 81274 | Zot:5    | Noticed a Killer Klown
 81283 | Zot:5    | Noticed a Killer Klown
 81296 | Zot:5    | Killed a Killer Klown
 81700 | Zot:5    | Reached skill level 15 in Fighting
 81706 | Zot:5    | Killed a Killer Klown
 81742 | Zot:5    | Noticed a Killer Klown
 81949 | Zot:5    | Killed a Killer Klown
 82106 | Zot:5    | Noticed a dread lich
 82118 | Zot:5    | Noticed a dread lich
 82130 | Zot:5    | Killed an ancient lich
 82142 | Zot:5    | Killed a dread lich
 82407 | Zot:5    | Killed a dread lich
 82602 | Zot:5    | Noticed a dread lich
 82610 | Zot:5    | Noticed an orb of fire
 82895 | Zot:5    | Killed a dread lich
 82927 | Zot:5    | Learned a level 9 spell: Polar Vortex
 82994 | Zot:5    | Gained mutation: You are weak. (Str -2) [an orb of fire]
 83002 | Zot:5    | Gained mutation: Your natural rate of healing is unusually
                  | fast. [an orb of fire]
 83003 | Zot:5    | Gained mutation: You occasionally lose the ability to drink
                  | potions when taking damage. [an orb of fire]
 83015 | Zot:5    | Gained mutation: Your body sometimes deteriorates upon
                  | taking damage. [an orb of fire]
 83020 | Zot:5    | Gained mutation: Your body often deteriorates upon taking
                  | damage. [an orb of fire]
 83026 | Zot:5    | Gained mutation: Your magical capacity is very low. (-20%
                  | MP) [an orb of fire]
 83032 | Zot:5    | Gained mutation: You have hidden genetic defects. [an orb
                  | of fire]
 83173 | Zot:5    | Lost mutation: Your natural rate of healing is unusually
                  | fast. [potion of mutation]
 83173 | Zot:5    | Lost mutation: You have a pair of small horns on your head.
                  | [potion of mutation]
 83274 | Zot:5    | Lost mutation: Your body often deteriorates upon taking
                  | damage. [potion of mutation]
 83274 | Zot:5    | Lost mutation: You can exhale a cloud of poison. [potion of
                  | mutation]
 83274 | Zot:5    | Gained mutation: Your spells are a little easier to cast,
                  | but a little less powerful. [potion of mutation]
 83274 | Zot:5    | Gained mutation: Your mind is acute. (Int +4, Str/Dex -1)
                  | [potion of mutation]
 83275 | Zot:5    | Lost mutation: You are weak. (Str -2) [potion of mutation]
 83275 | Zot:5    | Lost mutation: You occasionally lose the ability to drink
                  | potions when taking damage. [potion of mutation]
 83275 | Zot:5    | Lost mutation: Your health recovers twice as slowly from
                  | being drained. [potion of mutation]
 83275 | Zot:5    | Gained mutation: You have a pair of small horns on your
                  | head. [potion of mutation]
 83275 | Zot:5    | Lost mutation: Your mind is acute. (Int +4, Str/Dex -1)
                  | [potion of mutation]
 83276 | Zot:5    | Lost mutation: Your spells are a little easier to cast, but
                  | a little less powerful. [potion of mutation]
 83276 | Zot:5    | Lost mutation: Potions are less effective at restoring your
                  | health. [potion of mutation]
 83276 | Zot:5    | Gained mutation: You can exhale a cloud of poison. [potion
                  | of mutation]
 83276 | Zot:5    | Lost mutation: You have hidden genetic defects. [potion of
                  | mutation]
 83322 | Zot:5    | Gained mutation: Your health recovers twice as slowly from
                  | being drained. [an orb of fire]
 83334 | Zot:5    | Noticed a dread lich
 83337 | Zot:5    | Gained mutation: Your body often deteriorates upon taking
                  | damage. [an orb of fire]
 83338 | Zot:5    | Gained mutation: You are dopey. (Int -2) [an orb of fire]
 83348 | Zot:5    | Gained mutation: You are vulnerable to cold. (rC-) [a
                  | cacodemon]
 83356 | Zot:5    | Killed an orb of fire
 83359 | Zot:5    | Killed a dread lich
 83370 | Zot:5    | Killed a dread lich
 83460 | Zot:5    | Reached skill level 23 in Stealth
 84109 | Zot:5    | Identified the +6 orcbow of Histrionic Valiance {freeze,
                  | rN+ Str+3 Int+2}
 84361 | Zot:5    | Got the Orb of Zot
 84608 | Zot:4    | Noticed Juwkubba the pandemonium lord
 84750 | Zot:1    | Noticed Odiuwawe the pandemonium lord
 84988 | Depths:1 | Noticed Rablymnu the pandemonium lord
 85333 | D:1      | Noticed Regivoz the pandemonium lord
 85398 | D:$      | Escaped with the Orb!

Illustrated notes

Levels and vault maps discovered:
D:1:      lightli_arrival_lavapool, layout_rooms, minmay_indecisive_spiral
D:2:      layout_rooms
D:3:      layout_basic, lemuel_round_altar, uniq_crazy_yiuf_cottage
D:4:      minmay_evil_eye, layout_cave_pools, uniq_blork_the_orc
D:5:      layout_basic, serial_shops, shop, kennysheep_nub,
          nicolae_grassy_gnolls
D:6:      layout_cave_pools, mainiacjoe_overflow_surrounded_room,
          eino_small_chamber_without_monster, grunt_ministairs_3,
          minmay_misc_feat_secret_circle
D:7:      minmay_skewed_foursquare, layout_loops_ring,
          mainiacjoe_overflow_alcove_1, minmay_temple_entry_tees, serial_glass,
          glass_columns_c, glass_columns_b, glass_columns_c, glass_columns_b,
          glass_columns_a, glass_columns_c, uniq_maurice
D:8:      layout_loops_corners, nicolae_ru_path_of_blood, david_lair_shrubbed,
          nicolae_shop_firing_range, uniq_grum
D:9:      layout_roguey, mainiacjoe_overflow_alcove_2,
          nicolae_dithmenos_shadow_blocks, nicolae_overflow_hidden_temple,
          enter_bailey_3, guppyfry_shop_venom, uniq_jeremiah, uniq_joseph,
          uniq_erolcha
D:10:     layout_basic, mainiacjoe_overflow_paths
D:11:     layout_loops_cross, david_orc_4, serial_ice, serial_ice_k,
          serial_ice_c, serial_ice_b, serial_ice_h,
          portal_ice_cave_entry_ice_simulacra, uniq_josephine, uniq_erica
D:12:     layout_irregular_city, serial_shops, bzr_entry_lakeside
D:13:     layout_stronghold, serial_bayou_pond_a, uniq_frances, uniq_urug
D:14:     layout_basic, erik_vaults_1, serial_bayou_shore_a, uniq_kirke
D:15:     hangedman_depths_entry_civil_slaughter, layout_small_grid,
          serial_co_window_serial, co_window_of_opportunity_a,
          co_window_paths_a, co_window_corner_a, co_window_paths_a,
          co_window_corner_a, co_window_corner_a, co_window_paths_b,
          co_window_paths_b, co_window_corner_a, co_window_unsneaky_path_d,
          co_window_corner_b, co_window_2corner, co_window_4corner_a,
          glass_columns_c, glass_columns_c, glass_columns_a,
          minmay_misc_feat_rugged, roadster_capsule_ark_zombie
Temple:   zaba_magenta_temple
Lair:1:   layout_regular_city, enter_volcano_1
Lair:2:   layout_cave_shapes, minmay_shoals_entry_hut,
          nicolae_spider_entry_orb_guardian, nzn_sisyphean_effort,
          grunt_megastairs_4
Lair:3:   layout_gridlike, grunt_megastairs_5, infiniplex_staircase_pool
Lair:4:   layout_cave_shapes, slime_entry_1, gammafunk_ghost_wrathful_warriors,
          uniq_sonja
Lair:5:   hangedman_lair_in_review, layout_misc_corridors
Shoals:1: layout_shoals, ebering_ghost_disaster_area, st_sunken_huts
Shoals:2: layout_shoals, uniq_ilsuiw
Shoals:3: layout_shoals
Shoals:4: shoals_end_grunt_ice, layout_shoals, shoals_ilsuiw_ice
Spider:1: layout_spider_delve
Spider:2: layout_spider_delve, nicolae_spider_not_touching_you
Spider:3: lemuel_spider_zombies
Spider:4: grunt_spider_rune_circles, gammafunk_ghost_tricky_traps,
          einodemon_crawler_minivault, uniq_agnes
Orc:1:    layout_caves
Orc:2:    kennysheep_orc_mage_school, layout_caves
Elf:1:    minmay_elf_arrival_plus, layout_loops_corners, serial_shops,
          nicolae_shop_bloodbath_and_beyond, hangedman_elf_represent
Elf:2:    nicolae_elf_blades_splatter_lattice [nicolae_blade_entry_pointy_end],
          layout_loops_cross, serial_aquarium, aquarium_bridge_island_small
          [aquarium_subvault_small_open, aquarium_subvault_wall,
          aquarium_subvault_bridge, aquarium_subvault_wall,
          aquarium_subvault_bridge], aquarium_bridge_square
          [aquarium_subvault_window, aquarium_subvault_bridge,
          aquarium_subvault_window, aquarium_subvault_wall], aquarium_window_1,
          aquarium_window_2, aquarium_window_1, aquarium_window_2,
          aquarium_view_2e, aquarium_balcony_3a, aquarium_pool_2,
          ebering_ghost_reflecting_pool
Elf:3:    grunt_elf_hall_spiral, layout_loops_corners, serial_shops, shop,
          st_stairs_9, nicolae_shop_unique_rings,
          serial_library_hellmonk_secret_room, uniq_roxanne, uniq_bai_suzhen
Vaults:1: hangedman_vaults_capsules, hangedman_vaults_cutoff,
          nicolae_vaults_holding_cells, nicolae_vaults_network_star,
          nicolae_vaults_little_squares_2, vaults_standard_mumra_x,
          vaults_dpeg_cross, nicolae_vaults_more_shelving_1,
          layout_vaults_omnigrid, uniq_saint_roka, uniq_nikola
Vaults:2: serial_ice_b, v_rooms_3, nicolae_vaults_stepped_doors, v_misc_1,
          v_rooms_1, nicolae_vaults_layer_cake_slice,
          nicolae_vaults_shelves_hall, hangedman_vaults_variations, v_rooms_4,
          v_misc_13, nicolae_vaults_double_plus_2, v_misc_25,
          nicolae_vaults_security_offices_5, not_door_vault_mu,
          nicolae_vaults_trapezoid_lopsided_2, layout_vaults_omnibox
Vaults:3: nicolae_vaults_trapezoid_lopsided_4,
          nicolae_vaults_offset_grid_hallway_3,
          nicolae_vaults_shrinking_rooms_2, minmay_crypt_entry_simple_walls,
          vaults_dpeg_ring, nicolae_vaults_storage_closets_2,
          nicolae_vaults_offset_grid_hallway_2, nicolae_vaults_what_the_h,
          v_misc_8, vaults_room_corners, vaults_room_grunt_arrival_checkpoint,
          nicolae_vaults_tetromino_T_1, layout_vaults_ring
Vaults:4: v_misc_26, v_rooms_5, nicolae_vaults_big_angled_halls,
          nicolae_vaults_little_squares_1, nicolae_vaults_twisting_passages,
          dpeg_vaults_monster_box, ontoclasm_vaults_hangar,
          vaults_dpeg_encased_lava, ontoclasm_vaults_loading_screen,
          nicolae_vaults_little_squares_6, layout_vaults_chaotic_city,
          serial_shops, shop_statue
Vaults:5
Depths:1: layout_cave_pools, abyss_entry_small_statue_room,
          hangedman_abyss_or_decor_clamps, serial_shops,
          nicolae_shop_just_a_little_nook, lightli_too_deep,
          nicolae_gozag_seed_capital
Depths:2: gammafunk_sealed_library, layout_twisted_cross, pan_entry, hell_entry,
          minmay_room_of_horrors, xom_teletrap_fun, minmay_shoptagon,
          infiniplex_staircase_river
Depths:3: regret_index_nemelex_summoning_deck_glade, layout_cave_pools,
          enter_trove_1, abyss_entry, minmay_misc_feat_pillars,
          hangedman_geh_valley, infiniplex_staircase_zigzag_3
Depths:4: grunt_twist_and_shout, layout_cave_pools, enter_ziggurat_d,
          hangedman_abyss_or_decor_lesser_grid, pf_hell_entry_tar_river,
          uniq_sojobo, uniq_parghit
Zot:1:    gammafunk_its_a_trap, layout_misc_corridors, uniq_tiamat
Zot:2:    layout_cathedral_of_symmetry, lemuel_lake_of_fire, grunt_megastairs_2
Zot:3:    layout_basic, hangedman_zot_decor_unnerving_road, nrook_zot_tub,
          uniq_josephina
Zot:4:    layout_gridlike, st_small_dragon_hoard_3, grunt_ministairs_8
Zot:5:    layout_basic

Skill      XL: |  1  2  3  4  5  6  7  8  9 10 11 12 13 14 15 16 17 18 19 20 21 22 23 24 25 26 |
---------------+-------------------------------------------------------------------------------+-----
Dodging        | 2 3 4 5 6 8 9 10 11 12 13 14 15 16 17 18 | 18.6
Stealth        | 4 5 8 13 18 21 23 | 23.0
Ice Magic      | 5 6 7 9 11 13 15 16 17 18 19 20 21 | 21.9
Invocations    | 2 3 5 7 9 10 | 10.0
Fighting       | 1 4 6 8 9 10 11 12 13 14 15 | 15.5
Conjurations   | 4 6 8 10 11 12 13 14 15 | 15.5
Air Magic      | 4 6 8 10 11 12 13 14 15 | 15.3
Polearms       | 4 7 9 10 12 13 14 15 16 17 18 19 | 19.1
Spellcasting   | 5 6 7 8 10 11 | 11.4
Armour         | 3 5 |  5.0

Action                     |  1- 3 |  4- 6 |  7- 9 | 10-12 | 13-15 | 16-18 | 19-21 | 22-24 | 25-27 || total
---------------------------+-------+-------+-------+-------+-------+-------+-------+-------+-------++-------
  Melee: Unarmed           |     3 |       |       |       |       |       |       |       |       ||     3
         Dagger            |    30 |       |       |       |       |       |       |       |       ||    30
         Short sword       |    11 |    31 |    97 |   252 |    11 |       |       |       |       ||   402
         Punch             |       |       |     1 |     6 |     3 |       |       |       |       ||    10
         Trident           |       |       |       |    12 |   388 |   160 |       |       |       ||   560
         Demon trident     |       |       |       |       |   154 |    15 |     2 |   939 |   811 ||  1921
         Constrict         |       |       |       |       |    96 |   125 |   144 |   102 |    56 ||   523
         Spear             |       |       |       |       |    39 |    62 |       |       |       ||   101
         Halberd           |       |       |       |       |       |   515 |   908 |    52 |       ||  1475
         Headbutt          |       |       |       |       |       |       |   219 |   314 |   280 ||   813
   Fire: Sling             |       |    53 |       |       |       |       |       |       |       ||    53
  Throw: Dart              |       |       |     6 |    28 |     2 |     1 |     3 |       |       ||    40
         Javelin           |       |       |       |     2 |       |       |       |       |       ||     2
         Boomerang         |       |       |       |     8 |       |       |       |       |       ||     8
   Cast: Freeze            |    38 |    32 |    19 |    47 |     2 |    10 |     1 |       |       ||   149
         Frozen Ramparts   |       |     8 |    26 |    59 |    36 |    21 |     6 |     3 |     1 ||   160
         Ozocubu's Armour  |       |     3 |    10 |    32 |    17 |    13 |    15 |    31 |    16 ||   137
         Summon Ice Beast  |       |       |       |     7 |     5 |     7 |     6 |     5 |       ||    30
         Freezing Cloud    |       |       |       |     4 |    46 |   120 |   112 |   115 |    91 ||   488
         Airstrike         |       |       |       |       |    16 |   113 |   103 |   104 |    25 ||   361
         Conjure Ball Ligh |       |       |       |       |       |    13 |     3 |    29 |    24 ||    69
         Swiftness         |       |       |       |       |       |     1 |     1 |       |     3 ||     5
         Ozocubu's Refrige |       |       |       |       |       |       |       |    42 |    14 ||    56
         Arcjolt           |       |       |       |       |       |       |       |    37 |    18 ||    55
 Invoke: Recall Undead Har |       |       |       |     1 |     1 |       |     2 |       |       ||     4
         Dark Bargain      |       |       |       |       |     2 |     8 |     7 |     5 |     1 ||    23
         Drain Life        |       |       |       |       |       |       |     2 |     2 |     1 ||     5
         Bind Soul         |       |       |       |       |       |       |     1 |     2 |     2 ||     5
Ability: Spit Poison       |     5 |    14 |    27 |    21 |     1 |     8 |       |       |       ||    76
         Breathe Poison Ga |       |       |       |       |       |       |    11 |    22 |     7 ||    40
  Evoke: Wand              |       |       |     3 |    16 |       |    26 |       |     1 |     2 ||    48
         Tin of tremorston |       |       |       |     1 |       |     2 |       |       |     1 ||     4
         Phial of floods   |       |       |       |       |       |       |     1 |       |     1 ||     2
         Phantom mirror    |       |       |       |       |       |       |       |       |     2 ||     2
    Use: Scroll            |       |     1 |     5 |    16 |     6 |     8 |    10 |    10 |    13 ||    69
         Potion            |       |       |       |     2 |     9 |     7 |    16 |    20 |    17 ||    71
   Stab: Sleeping          |     5 |     3 |     2 |     4 |     9 |       |     7 |     5 |     8 ||    43
         Distracted        |       |       |       |     4 |    12 |    19 |    24 |    19 |    18 ||    96
         Invisible         |       |       |       |       |       |       |       |     1 |       ||     1
 Armour: Robe              |    41 |    72 |    98 |    29 |       |       |       |       |       ||   240
         Leather armour    |       |       |       |   311 |   424 |   841 |   676 |  1333 |   920 ||  4505
         Skin              |       |       |       |       |    60 |       |       |       |       ||    60
  Dodge: Dodged            |    42 |    36 |    72 |   372 |   544 |   903 |   538 |   577 |   378 ||  3462
  Block: Other             |       |       |       |       |       |       |    78 |    12 |       ||    90
         Reflection        |       |       |       |       |       |       |    14 |     6 |       ||    20
